 Dungeon Crawl Stone Soup version 0.26-b1-32-g5d43845318 (webtiles) character file.

Game seed: 6820204461323711504

126 Borgoz the Ducker (level 5, -2/45 HPs)
             Began as a Ghoul Gladiator on Jan 13, 2021.
             Slain by a kobold
             ... wielding a +0 short sword
              (3 damage)
             ... on level 2 of the Dungeon.
             The game lasted 00:02:11 (1543 turns).

Borgoz the Ducker (Ghoul Gladiator)                 Turns: 1543, Time: 00:02:11

Health: -2/45      AC:  4    Str: 19    XL:     5   Next: 9%
Magic:  4/4        EV: 12    Int:  3    God:
Gold:   29         SH:  0    Dex: 10    Spells: 4/4 levels left

rFire    . . .     SeeInvis .   a - +1 flail
rCold    + . .     Faith    +   (no shield)
rNeg     + + +     Spirit   .   b - +0 leather armour
rPois    ∞         Reflect  .   c - +0 helmet
rElec    .         Harm     .   (no cloak)
rCorr    .         Rampage  .   (no gloves)
Will     .....                  (no boots)
Stlth    +.........             g - amulet of faith (curse)
HPRegen  0.00/turn              (no ring)
MPRegen  0.09/turn              (no ring)

@: no status effects
A: claws 1, cold resistance 1, negative energy resistance 3, inhibited
regeneration, torment resistance, unbreathing
a: no special abilities


You were on level 2 of the Dungeon.
You visited 1 branch of the dungeon, and saw 2 of its levels.

You collected 29 gold pieces.

Inventory:

Hand Weapons
 a - a +1 flail (weapon)
Missiles
 d - 3 throwing nets (quivered)
Armour
 b - a +0 leather armour (worn)
 c - a +0 helmet (worn)
Jewellery
 g - a cursed amulet of faith (around neck)
 h - an uncursed ring of flight
Scrolls
 j - a scroll of enchant weapon
 k - a scroll of teleportation
 m - a scroll of blinking


   Skills:
 + Level 3.3 Fighting
 + Level 3.4 Maces & Flails
 - Level 1.7 Throwing
 + Level 1.8 Armour
 + Level 3.4 Dodging


You had 4 spell levels left.
You didn't know any spells.
Your spell library was empty.

Dungeon Overview and Level Annotations

Branches:
Dungeon (2/15)

Altars:


Innate Abilities, Weirdness & Mutations

You thrive by killing the living.
You are immune to poison.
You have sharp fingernails.
Your flesh is cold resistant. (rC+)
You are immune to negative energy. (rN+++)
You do not regenerate when monsters are visible.
You are immune to unholy pain and torment.
You can survive without breathing.


Message History

You barely miss the hobgoblin. The hobgoblin closely misses you.
You thump the hobgoblin!
You kill the hobgoblin!
You see here a +0 club.
The kobold throws a stone.
The stone hits you but does no damage.
The kobold throws a stone.
The stone hits you but does no damage. The kobold hits you but does no damage.
You barely miss the kobold. The kobold closely misses you.
You hit the kobold but do no damage.
The kobold hits you with a +0 short sword.
* * * LOW HITPOINT WARNING * * *
The kobold closely misses you.
You barely miss the kobold. The kobold barely misses you.
You closely miss the kobold. The kobold barely misses you.
You closely miss the kobold.
The kobold hits you with a +0 short sword.
* * * LOW HITPOINT WARNING * * *
You barely miss the kobold.
The kobold hits you with a +0 short sword.
You die...

#................
#.....(...# .#
#....###..# ..#
#....#)..###...#
#......#......#
####)###..#...###
###<)...?.#.#...
#..(....#.#.#.## ..
#.#@#####......##
...####..K#
##.......## #.......##
##.........# ##.....##
#..........#
#.##...####..........#
#. ##(.(†)(.(........#
. #.#####..K.......#
#[# ###.?..(.....# ..#
#............#


You could see a kobold.

Vanquished Creatures
  A howler monkey (D:2)
  4 adders
  An ooze (D:1)
  4 dart slugs
  A ball python (D:1)
  A giant cockroach (D:1)
  6 goblins
  4 hobgoblins
  9 kobolds
  6 bats
  A frilled lizard (D:2)
  7 rats
45 creatures vanquished.

Notes
Turn   | Place    | Note
-------+----------+-------------------------------------------
     0 | D:1      | Borgoz the Ghoul Gladiator began the quest for the Orb.
     0 | D:1      | Reached XP level 1. HP: 17/17 MP: 0/0
   316 | D:1      | Reached XP level 2. HP: 25/25 MP: 1/1
   693 | D:1      | Reached skill level 1 in Armour
   750 | D:1      | Reached XP level 3. HP: 30/30 MP: 2/2
  1457 | D:2      | Reached XP level 4. HP: 38/38 MP: 3/3
  1515 | D:2      | Reached XP level 5. HP: 6/45 MP: 4/4
  1542 | D:2      | HP: 1/45 [kobold/+0 short sword (3)]
  1543 | D:2      | Slain by a kobold

Illustrated notes

Levels and vault maps discovered:
D:1:      sevenhm_arrival_forest_fort_large_2, layout_basic
D:2:      layout_rooms, gammafunk_temple_overflow_statue,
          chequers_ecumenical_altar_lobes, minmay_tetromino_l2

Skill      XL: |  1  2  3 |
---------------+----------+-----
Dodging        | 3 |  3.4
Maces & Flails | 3 |  3.4
Armour         | 1 |  1.8
Fighting       | 3 |  3.3
Throwing       | |  1.7

Action                   |  1- 3 |  4- 6 || total
-------------------------+-------+-------++-------
Melee: Flail             |   104 |    60 ||   164
  Use: Scroll            |     4 |       ||     4
       Potion            |     2 |       ||     2
Armor: Leather armour    |    74 |    23 ||    97
Dodge: Dodged            |   133 |    47 ||   180
